 Dungeon Crawl Stone Soup version 0.30-a0-772-g5528072125 (webtiles) character file.

Game seed: 10668415292990842791

567 kingofthe the Conjurer (level 7, 0/41 HPs)
             Began as an Octopode Conjurer on Feb 12, 2023.
             Slain by a hound zombie (1 damage)
             ... in an ossuary.
             The game lasted 00:10:33 (5242 turns).

kingofthe the Conjurer (Octopode Conjurer)          Turns: 5242, Time: 00:10:34

Health: 0/41       AC:  1    Str:  6    XL:     7   Next: 33%
Magic:  13/13      EV: 14    Int: 20    God:
Gold:   209        SH:  0    Dex: 13    Spells: 11/14 levels left

rFire   . . .      SeeInvis .    s - +1 dagger (venom)
rCold   + . .      Faith    .    (no shield)
rNeg    + . .      Spirit   .    g - +0 hat
rPois   .          Reflect  .    (no amulet)
rElec   .          Harm     .    q - ring of positive energy
rCorr   .          Rampage  .    r - ring of protection from cold
Will    .....                    (no ring)
Stlth   ++++                     (no ring)
HPRegen 0.26/turn                (no ring)
MPRegen 0.13/turn                (no ring)
                                 (no ring)
                                 (no ring)

@: no status effects
A: almost no armour, amphibious, 8 rings, camouflage 1, gelatinous body 1,
(nimble swimmer 1), tentacles
a: no special abilities


You were in an ossuary.
You visited 1 branch of the dungeon, and saw 5 of its levels.
You also visited: Ossuary.

You collected 304 gold pieces.
You spent 95 gold pieces at shops.

Inventory:

Hand Weapons
 b - a +2 dagger of holy wrath
 e - a +2 dagger of draining
 s - a +1 dagger of venom (weapon)
Armour
 g - a +0 hat (worn)
Jewellery
 q - a ring of positive energy (left tentacle)
 r - a ring of protection from cold (right tentacle)
Wands
 n - a wand of acid (12)
Scrolls
 d - 5 scrolls of identify {unknown}
 f - 4 scrolls of enchant armour {unknown}
 h - a scroll of teleportation {unknown}
 i - 3 scrolls of immolation {unknown}
 j - a scroll of enchant weapon {unknown}
 m - a scroll of vulnerability {unknown}
 o - a scroll of butterflies {unknown}
Potions
 a - a potion of magic
 c - a potion of mutation {unknown}
 k - a potion of heal wounds
 l - a potion of flight {unknown}
 p - a potion of brilliance {unknown}
 t - a potion of attraction {unknown}


   Skills:
 * Level 4.2 Dodging
 + Level 5.0 Stealth
 * Level 4.3 Spellcasting
 * Level 5.6 Conjurations


You had 11 spell levels left.
You knew the following spells:

 Your Spells              Type           Power      Damage    Failure   Level
a - Magic Dart            Conj           100%       1d8       1%          1
b - Searing Ray           Conj           52%        2d6       1%          2

Your spell library contained the following spells:

 Spells                   Type           Power      Damage    Failure   Level
 Static Discharge         Conj/Air       30%        2-4/arc   6%          2
 Dazzling Flash           Conj/Hex       30%        N/A       12%         3
 Vhi's Electric Charge    Tloc/Air       8%         N/A       36%         3
 Fulminant Prism          Conj/Hex       7%         3d6       36%         4
 Iskenderun's Mystic Bla  Conj/Tloc      15%        2d5       36%         4
 Arcjolt                  Conj/Air       7%         1d17      73%         5
 Lightning Bolt           Conj/Air       7%         1d20      73%         5


Dungeon Overview and Level Annotations

Branches:
Dungeon (5/15)            Ossuary (1/1)
 Temple: D:4-7

Altars:
Fedhas
Okawaru
The Shining One

Shops:
D:3 *

Annotations:
D:2 1 runed translucent door, Crazy Yiuf


Innate Abilities, Weirdness & Mutations

You cannot wear most types of armour.
You are amphibious.
You can wear up to eight rings at the same time.
Your skin changes colour to match your surroundings (Stealth+).
Your rubbery body absorbs attacks. (AC +1, EV +1)
((You are camouflaged when in or above water. (Stealth+)))
You have tentacles for arms and can constrict up to eight enemies at once.


Message History

The adder zombie attacks as you move away!
The adder zombie bites you.
The adder zombie attacks as you move away!
The adder zombie closely misses you.
The hound zombie attacks as you move away!
The hound zombie closely misses you. The adder zombie barely misses you.
The hound zombie bites you. The hound zombie bites you.
* * * LOW HITPOINT WARNING * * *
The adder zombie barely misses you. The hound zombie bites you.
* * * LOW HITPOINT WARNING * * *
The adder zombie attacks as you move away!
The adder zombie bites you.
* * * LOW HITPOINT WARNING * * *
The hound zombie attacks as you move away!
The hound zombie closely misses you. The human zombie barely misses you.
The adder zombie attacks as you move away!
The adder zombie bites you.
* * * LOW HITPOINT WARNING * * *
The hound zombie bites you.
* * * LOW HITPOINT WARNING * * *
The hound zombie attacks as you move away!
The hound zombie bites you.
* * * LOW HITPOINT WARNING * * *
Aiming: Corrosive Bolt
Press: ? - help, Shift-Dir - straight line, f - elf zombie
Aim: an elf zombie (moderately damaged, 71% to hit)
The bolt of acid hits the hound zombie!
The acid corrodes the hound zombie!
The hound zombie is heavily damaged.
The bolt of acid misses the elf zombie.
The hound zombie misses you. The adder zombie barely misses you.
The hound zombie misses you.
The hound zombie attacks as you move away!
The hound zombie bites you.
* * * LOW HITPOINT WARNING * * *
The hound zombie attacks as you move away!
The hound zombie bites you.
* * * LOW HITPOINT WARNING * * *
The adder zombie closely misses you. The hound zombie bites you.
You die...

############################
#...........∩Z.Z........#[?#
#.........MZ.Z.Z@.......#!!#
#.......ZZ#####.........##+#
...........................#
.........ZM................#
...##...............##.....#
...##...............##.....#
...........................#
...........................#
#.......................#..#


You could see a mummy, an adder zombie, a hound zombie (corroded), a goblin
zombie, a gnoll zombie, an elf zombie and a human zombie.

Vanquished Creatures
  A black bear (D:5)
  A necrophage (D:4)
  A human zombie (Ossuary)
  An orc priest (D:4)
  An iguana (D:5)
  A gnoll bouda (D:4)
  4 orc wizards
  8 gnolls
  3 adders
  An ufetubus (D:5)
  An adder zombie (Ossuary)
  A worm (D:3)
  A dart slug (D:1)
  9 orcs
  7 endoplasms
  A giant cockroach (D:3)
  8 goblins
  9 hobgoblins
  3 kobolds
  5 quokkas
  8 ball pythons
  3 bats
  2 frilled lizards
  A hobgoblin zombie (Ossuary)
  A jackal zombie (Ossuary)
  4 rats
86 creatures vanquished.

Notes
Turn   | Place    | Note
-------+----------+-------------------------------------------
     0 | D:1      | kingofthe the Octopode Conjurer began the quest for the
                  | Orb.
     0 | D:1      | Reached XP level 1. HP: 11/11 MP: 3/3
   239 | D:1      | Reached XP level 2. HP: 17/17 MP: 0/5
   334 | D:1      | Learned a level 2 spell: Searing Ray
  1242 | D:2      | Reached XP level 3. HP: 21/21 MP: 4/6
  1393 | D:2      | Found a glowing golden altar of the Shining One.
  1618 | D:2      | Found a runed translucent door.
  1619 | D:2      | Noticed Crazy Yiuf
  2268 | D:2      | Identified the +2 pair of gloves of Feasting {rF+ rN+
                  | Str-3}
  2494 | D:3      | Reached XP level 4. HP: 27/27 MP: 5/8
  2519 | D:3      | Noticed an eye of devastation
  2620 | D:3      | Found a blossoming altar of Fedhas.
  2697 | D:3      | Noticed a shining eye
  2699 | D:3      | Found a faded altar of an unknown god.
  2703 | D:3      | Noticed a great orb of eyes
  2706 | D:3      | Noticed a floating eye
  2933 | D:3      | Found Wihotimn's Assorted Antiques.
  3339 | D:3      | Bought a glowing jade ring for 95 gold pieces
  3650 | D:4      | Reached XP level 5. HP: 22/31 MP: 0/9
  3934 | D:4      | Found an iron altar of Okawaru.
  3959 | D:4      | Reached XP level 6. HP: 27/36 MP: 2/11
  4013 | D:4      | Reached skill level 5 in Conjurations
  4750 | D:5      | Entered Level 5 of the Dungeon
  4867 | D:5      | Reached XP level 7. HP: 41/41 MP: 1/13
  4980 | D:5      | Found a sand-covered staircase.
  5122 | Ossuary  | Entered an ossuary
  5153 | Ossuary  | Reached skill level 5 in Stealth
  5201 | Ossuary  | HP: 2/41 [elf zombie (6)]
  5241 | Ossuary  | HP: 1/41 [hound zombie (3)]
  5242 | Ossuary  | Slain by a hound zombie

Illustrated notes

Levels and vault maps discovered:
D:1:      amcnicky_arrival_feature_with_door, layout_basic, minmay_door_square,
          palyth_stone_intersect
D:2:      layout_loops_corners, basic_altar, uniq_crazy_yiuf_cottage
D:3:      layout_loops_cross, mainiacjoe_overflow_concentric_impassable,
          hellmonk_ecumenical_altar_watching_god, serial_shops,
          nicolae_shop_behind_doors
D:4:      layout_rooms, okawaru_trees_1, minmay_misc_feat_tiny
D:5:      layout_rooms, grunt_temple_overflow_octagram,
          nicolae_ossuary_entry_plus
Ossuary:  ossuary_minmay_tomb_2a

Skill      XL: |  1  2  3  4  5  6  7 |
---------------+----------------------+-----
Stealth        | 3 4 5 |  5.0
Spellcasting   | 3 4 |  4.3
Dodging        | 3 4 |  4.2
Conjurations   | 5 |  5.6

Action                     |  1- 3 |  4- 6 |  7- 9 || total
---------------------------+-------+-------+-------++-------
  Melee: Dagger            |     3 |     2 |    20 ||    25
         Tentacles         |     1 |     1 |     5 ||     7
         Constrict         |     1 |     1 |     4 ||     6
         Punch             |       |       |     1 ||     1
   Cast: Magic Dart        |    60 |    95 |     2 ||   157
         Searing Ray       |     3 |    17 |     3 ||    23
  Evoke: Wand              |       |       |     1 ||     1
    Use: Potion            |       |       |     1 ||     1
 Armour: Skin              |     1 |     2 |    10 ||    13
  Dodge: Dodged            |     1 |    20 |    58 ||    79

Table legend: (Time is in decaauts)
 A = Elapsed time spent in this place.
 B = Non-inter-level travel time spent in this place.
 C = Inter-level travel time spent in this place.
 D = Time resting spent in this place.
 E = Time spent auto-exploring this place.
 F = Levels seen in this place.
 G = Mean time per level.
                   A        B        C        D        E       F      G
               +--------+--------+--------+--------+--------+-----+--------+
         Total |   5243 |   5030 |    213 |    779 |   3605 |   6 |  873.8 |
       Dungeon |   5123 |   4910 |    213 |    779 |   3605 |   5 | 1024.6 |
       Ossuary |    119 |    119 |      0 |      0 |      0 |   1 |  119.0 |
               +--------+--------+--------+--------+--------+-----+--------+

Top non-repeatable levels by time:
     D:3: 1279 daAuts
     D:1: 1239 daAuts
     D:2: 1182 daAuts
     D:4: 1075 daAuts
     D:5: 346 daAuts
 Ossuary: 119 daAuts
